 Dungeon Crawl Stone Soup version 0.29-a0-563-g64e4043184 (webtiles) character file.

Game seed: 2088798966406663617

970 spaghetti the Reanimator (level 8, 0/40 HPs)
             Began as a Tengu Necromancer on June 12, 2022.
             Was a Priest of Hepliaklqana.
             Slain by an ogre
             ... wielding a +0 giant club
              (27 damage)
             ... on level 6 of the Dungeon.
             The game lasted 00:07:14 (5373 turns).

spaghetti the Reanimator (Tengu Necromancer)        Turns: 5373, Time: 00:07:15

Health: 0/40       AC:  3    Str:  8    XL:     8   Next: 16%
Magic:  14/17      EV: 18    Int: 25    God:    Hepliaklqana [***...]
Gold:   175        SH:  0    Dex: 14    Spells: 14/18 levels left

rFire   . . .      SeeInvis .   r - +8 dagger "Isisuty" {freeze, rPois Will+, short}
rCold   . . .      Faith    .   (no shield)
rNeg    . . .      Spirit   .   a - +0 robe
rPois   +          Reflect  .   (helmet restricted)
rElec   .          Harm     .   x - +0 cloak
rCorr   .          Rampage  .   (no gloves)
Will    +....                   (boots unavailable)
Stlth   ++........              G - amulet of regeneration {@e2}
HPRegen 0.93/turn               z - +6 ring of intelligence
MPRegen 0.15/turn               H - +4 ring of evasion

@: flying quickly and evasively, quick
A: reduced essence, beak, talons 3, nimble flight
a: Renounce Religion, Recall Ancestor, Ancestor Identity, Transference


You were on level 6 of the Dungeon.
You worshipped Hepliaklqana.
Hepliaklqana was most pleased with you.
You visited 1 branch of the dungeon, and saw 6 of its levels.

You collected 175 gold pieces.


Innate Abilities, Weirdness & Mutations

Your life essence is reduced to manifest your ancestor. (-10% HP)
You have a beak for a mouth.
You have claws for feet.
Your magical nature lets you fly swiftly and evasively.


   Skills:
 + Level 2.6 Fighting
 - Level 2.1 Dodging
 - Level 2.0 Stealth
 + Level 5.9 Spellcasting
 + Level 8.0 Necromancy


You had 14 spell levels left.
You knew the following spells:

 Your Spells              Type           Power      Damage    Failure   Level
a - Necrotize             Necr           100%       1d9       1%          1
b - Vampiric Draining     Necr           47%        2d9       1%          3

Your spell library contained the following spells:

 Spells                   Type           Power      Damage    Failure   Level
 Sublimation of Blood     Necr           47%        N/A       1%          2
 Animate Dead             Necr           47%        N/A       2%          4
 Magic Dart               Conj           28%        1d4       8%          1
 Sandblast                Erth           14%        2d6       8%          1
 Agony                    Necr           47%        N/A       8%          5
 Call Imp                 Summ           7%         N/A       12%         2
 Passwall                 Tmut/Erth      5%         N/A       12%         2
 Mephitic Cloud           Conj/Pois/Air  7%         N/A       22%         3
 Stone Arrow              Conj/Erth      14%        3d7       22%         3
 Summon Guardian Golem    Hex/Summ       7%         N/A       22%         3
 Petrify                  Tmut/Erth      7%         N/A       58%         4
 Summon Ice Beast         Ice/Summ       7%         N/A       58%         4
 Irradiate                Conj/Tmut      3%         3d14      91%         5
 Summon Horrible Things   Summ           3%         N/A       100%        8

Inventory:

Hand Weapons
 e - a +0 whip {mace}
   (You found it on level 1 of the Dungeon)
 g - a +0 club {mace}
   (You took it off a goblin on level 1 of the Dungeon)
 h - a +0 club {mace}
   (You took it off a goblin on level 1 of the Dungeon)
 m - a +2 dagger of holy wrath {short}
   (You found it on level 1 of the Dungeon)
 o - a +0 trident {polearm}
   (You found it on level 2 of the Dungeon)
 p - a +0 club {mace}
   (You took it off a goblin on level 2 of the Dungeon)
 r - the +8 dagger "Isisuty" (weapon) {freeze, rPois Will+, short}
   (You found it on level 2 of the Dungeon)

   It freezes those it strikes, dealing additional cold damage.
   It can also slow down cold-blooded creatures.
   rPois:     It protects you from poison.
   Will:      It increases your willpower.
Missiles
 c - 177 stones {throwing}
 f - 3 boomerangs {throwing}
 q - 6 poisoned darts {throwing}
 s - a throwing net {=f!fthrowing}
Armour
 a - a +0 robe (worn)
 x - a +0 cloak (worn)
   (You found it on level 3 of the Dungeon)
 A - a +0 pair of boots of flying
   (You found it on level 3 of the Dungeon)
Jewellery
 z - a +6 ring of intelligence (left hand)
   (You found it on level 3 of the Dungeon)
 G - an amulet of regeneration (around neck) {@e2}
   (You found it on level 5 of the Dungeon)
 H - a +4 ring of evasion (right hand)
   (You found it on level 5 of the Dungeon)
Wands
 t - a wand of iceblast (7)
   (You found it on level 2 of the Dungeon)
 D - a wand of flame (26)
   (You found it on level 5 of the Dungeon)
Scrolls
 d - 2 scrolls of amnesia
 i - a scroll of magic mapping {!r}
 j - 3 scrolls of fog
 l - a scroll of teleportation {@r4}
 u - a scroll of fear {unknown}
 v - a scroll of enchant weapon {unknown}
 w - a scroll of torment {unknown}
 y - a scroll of blinking {unknown}
 B - a scroll of immolation {unknown}
 I - a scroll of poison {unknown}
Potions
 b - 3 potions of magic
 k - 5 potions of might {unknown}
 C - a potion of ambrosia {unknown}
 E - a potion of attraction {unknown}
 F - a potion of flight {unknown}

Dungeon Overview and Level Annotations

Branches:
Dungeon (6/15)             Temple (0/1) D:5

Altars:
Dithmenos
Hepliaklqana
Okawaru
Zin

Annotations:
D:3 exclusion: door
D:4 3 runed translucent doors, Foxy's ghost, amateur TrGl

.#... .#.#. ## ... ..
######## ... # #.
#......# #.# #.##.#
#.####.# #.## ..F..
#.####.###.##
.####.g#####.##.........
......O@........#.###..#
############.####.###.##
#......##.##
##########.## #.># #...
#### #


You could see an ogre, a bullfrog and a gnoll.


Message History

You puncture the necrophage! You peck the necrophage.
Cipactli hits the necrophage with a +0 flail!
The necrophage misses you. 😕 HP[+1]
You hit the necrophage.
You destroy the necrophage!
Your Necromancy skill increases to level 8! 😕 HP[+2]
You now have 40 max hp (+1).
You regained 2 hp, and now have 37/40 hp.
You pick up the Tome of Illusion and begin reading...
You add the spells Summon Guardian Golem, Summon Ice Beast and Summon Horrible Things to your library.
Key pressed, stopping explore.
There is a stone staircase leading up here.
Key pressed, stopping explore.
You swap places.
You swap places.
You swap places.
You swap places.
There is a shaft here.
Things that are here:
a +0 club {mace}; a +0 leather armour A jelly comes into view. 😎 HP[+3]
Your hp is fully restored (40).
A jelly is nearby!
A jelly is nearby!
A jelly is nearby!
A jelly is nearby!
A jelly is nearby!
The jelly quivers.
You puncture the jelly! You freeze the jelly.
Your hands burn!
The jelly hits you. The acid corrodes you!
You are splashed with acid. 😮 HP[-11]
You take 11 damage, and now have 29/40 hp.
MASSIVE DAMAGE!! (PAUSE)
You hit the jelly. You freeze the jelly.
Your hands burn!
You claw the jelly.
You kill the jelly! 😮 HP[-5]
You take 5 damage, and now have 24/40 hp. 😮 HP[+1]
You are no longer corroded.
Key pressed, stopping explore.
You swap places.
Key pressed, stopping explore.
Found a stone staircase leading down. 😎 HP[+15]
Your hp is fully restored (40).
There is a stone staircase leading down here.
I - a scroll labelled ECOFIPN VOSO Done exploring.
Done exploring.
Done exploring.
As you read the scroll labelled VAIREU YFURGH, it crumbles to dust.
The scroll dissolves into smoke.
It was a scroll of fog.
Unknown command.
As you read the scroll labelled CARIHAUXAKK, it crumbles to dust.
It is a scroll of identify.
d - 2 scrolls of amnesia
As you read the scroll of identify {@r1}, it crumbles to dust.
i - a scroll of magic mapping
As you read the scroll of identify {@r1}, it crumbles to dust.
l - a scroll of teleportation Done exploring.
Done exploring.
Done exploring.
(D) Dungeon (T) Temple
Where to? (Enter - D:5, ? - help)
You swap places.
There is a stone staircase leading down here.
You fly downwards.
You hear the hiss of flowing sand.
There is an entrance to an ossuary on this level.
Hurry and find it before the portal is buried!
Found an escape hatch in the floor.
There is a stone staircase leading up here.
Unknown command.
Key pressed, stopping explore.
An ogre comes into view. It is wielding a +0 giant club.
The ogre shouts!
You hear a shout!
An ogre is nearby!
An ogre is nearby!
A gnoll comes into view. It is wielding a +0 whip.
The ogre completely misses you.
You hit the ogre but do no damage. You puncture the ogre! You freeze the ogre.
You peck the ogre.
A bullfrog comes into view.
The ogre hits you with a +0 giant club! 😮 HP[-17]
You take 17 damage, and now have 23/40 hp.
MASSIVE DAMAGE!! (PAUSE) Unknown command.
Casting: Vampiric Draining (safe; 1% risk of failure)
Confirm with . or Enter, or press ? or * to list all spells.
Aiming: Vampiric Draining (safe; 1% risk of failure)
Press: ? - help, Shift-Dir - straight line, f - ogre
Aim: an ogre, wielding a +0 giant club (severely wounded)
You draw life force from the ogre.
You feel life coursing into your body.
The ogre hits you with a +0 giant club!!
Ouch! That really hurt!
You die...

Skill      XL: |  1  2  3  4  5  6  7  8 |
---------------+-------------------------+-----
Necromancy     | 5 6 7 8 |  8.0
Spellcasting   | 3 4 5 |  5.9
Fighting       | 2 |  2.6
Dodging        | |  2.1
Stealth        | |  2.0

Action                   |  1- 3 |  4- 6 |  7- 9 || total
-------------------------+-------+-------+-------++-------
Melee: Unarmed           |     9 |       |       ||     9
       Kick              |     4 |     3 |     3 ||    10
       Peck              |     7 |     8 |     3 ||    18
       Dagger            |    14 |    49 |    15 ||    78
 Cast: Necrotize         |    43 |    35 |    20 ||    98
       Vampiric Draining |     1 |     2 |     4 ||     7
Invok: Recall Ancestor   |     1 |     1 |       ||     2
       Ancestor Life: Kn |     1 |       |       ||     1
  Use: Scroll            |       |       |     4 ||     4
 Stab: Sleeping          |     2 |     7 |       ||     9
Armor: Robe              |     2 |     3 |     2 ||     7
Dodge: Dodged            |    29 |    42 |     9 ||    80

Levels and vault maps discovered:
D:1:      wander_arrival_abandoned_jail, layout_basic,
          hellmonk_ecumenical_altar_heavens_door, serial_glass, glass_columns_a,
          glass_columns_a
D:2:      layout_loops_ring
D:3:      layout_rooms, zin_angel
D:4:      layout_loops_ring, nicolae_dithmenos_through_a_glass_darkly,
          old_standard_altar, gammafunk_ghost_necromancy
D:5:      layout_loops_ring, nicolae_hepliaklqana_hazy_memory,
          minmay_temple_entry_overgrown, minmay_a_box_with_orc_wizards_in_it
D:6:      layout_loops_cross, lightli_ossuary_entry_decrepit_ruins,
          uniq_duvessa, uniq_eustachio

Notes
Turn   | Place    | Note
-------+----------+-------------------------------------------
     0 | D:1      | spaghetti the Tengu Necromancer began the quest for the
                  | Orb.
     0 | D:1      | Reached XP level 1. HP: 10/10 MP: 4/4
     0 | D:1      | magus.rc [v1.9.6]
   346 | D:1      | Reached XP level 2. HP: 11/15 MP: 3/6
   427 | D:1      | You pick up a book of Geomancy and begin reading...
   427 | D:1      | You add the spells Sandblast, Passwall and Stone Arrow to
                  | your library.
   730 | D:1      | Found a faded altar of an unknown god.
   739 | D:1      | Prayed at the altar of an unknown god.
   739 | D:1      | Became a worshipper of Hepliaklqana the Forgotten
   739 | D:1      | Reached * piety under Hepliaklqana
  1070 | D:1      | Reached XP level 3. HP: 15/17 MP: 3/7
  1074 | D:1      | Learned a level 3 spell: Vampiric Draining
  1364 | D:2      | Reached skill level 5 in Necromancy
  1470 | D:2      | HP: 4/17 [poisoned by an adder]
  1797 | D:2      | Reached ** piety under Hepliaklqana
  1825 | D:2      | Remembered your ancestor Cipactli as a knight
  1888 | D:2      | Identified the +8 dagger "Isisuty" {freeze, rPois Will+}
  1914 | D:2      | Reached skill level 3 in Spellcasting
  1974 | D:2      | Reached XP level 4. HP: 21/21 MP: 9/9
  2367 | D:3      | You pick up a book of Minor Magic and begin reading...
  2367 | D:3      | You add the spells Magic Dart, Call Imp and Mephitic Cloud
                  | to your library.
  2904 | D:3      | Found a glowing silver altar of Zin.
  2904 | D:3      | Noticed an angel
  2939 | D:4      | HP: 3/21 [orc/+0 club (4)]
  2940 | D:4      | Gained mutation: Your magical nature lets you fly swiftly
                  | and evasively. [Tengu growth]
  2940 | D:4      | Reached XP level 5. HP: 4/25 MP: 5/11
  3268 | D:4      | Reached skill level 6 in Necromancy
  3271 | D:4      | Reached skill level 4 in Spellcasting
  3306 | D:4      | Noticed Foxy's ghost (amateur TrGl)
  3307 | D:4      | Found a runed translucent gate.
  3307 | D:4      | Found a runed translucent gate.
  3307 | D:4      | Found a runed translucent gate.
  3317 | D:4      | Found an iron altar of Okawaru.
  3375 | D:4      | Reached *** piety under Hepliaklqana
  3508 | D:4      | Noticed a phantom
  3520 | D:4      | Killed a phantom
  3521 | D:4      | Reached XP level 6. HP: 8/28 MP: 13/13
  3747 | D:4      | You pick up a book of Geomancy and begin reading...
  3976 | D:4      | Found a shadowy altar of Dithmenos.
  4154 | D:5      | Entered Level 5 of the Dungeon
  4666 | D:5      | Reached skill level 7 in Necromancy
  4666 | D:5      | Reached XP level 7. HP: 28/32 MP: 15/15
  4723 | D:5      | Reached skill level 5 in Spellcasting
  4735 | D:5      | You pick up a book of Alchemy and begin reading...
  4735 | D:5      | You add the spells Sublimation of Blood, Petrify and
                  | Irradiate to your library.
  4851 | D:5      | Reached skill level 1 in Fighting
  4996 | D:5      | Found a hazy altar of Hepliaklqana.
  5008 | D:5      | Reached skill level 2 in Fighting
  5008 | D:5      | Reached XP level 8. HP: 32/39 MP: 11/17
  5062 | D:5      | Found a staircase to the Ecumenical Temple.
  5067 | D:5      | Reached skill level 8 in Necromancy
  5085 | D:5      | You add the spells Summon Guardian Golem, Summon Ice Beast
                  | and Summon Horrible Things to your library.
  5085 | D:5      | Got the Tome of Illusion
  5373 | D:6      | Slain by an ogre

Vanquished Creatures
  2 water moccasins (D:5)
  An ogre (D:5)
  2 necrophages (D:5)
  A hound (D:5)
  A jelly (D:5)
  2 orc priests (D:5)
  2 iguanas
  3 gnolls
  6 adders
  2 dart slugs
  9 orcs
  7 endoplasms
  4 giant cockroaches
  4 goblins
  8 hobgoblins
  4 quokkas
  9 ball pythons
  A bat (D:3)
  2 frilled lizards
  3 kobolds
  6 rats
79 creatures vanquished.

Vanquished Creatures (collateral kills)
  A phantom (D:4)
  An orc priest (D:5)
  A gnoll shaman (D:5)
  4 gnolls
  2 adders
  An ufetubus (D:4)
  A dart slug (D:1)
  3 orcs (D:3)
  A goblin (D:3)
  A hobgoblin (D:3)
  A kobold (D:2)
17 creatures vanquished.

Grand Total: 96 creatures vanquished

Table legend:
 A = Non-vault XP
 B = Vault XP
 C = Vault XP percentage of total XP
 D = Non-vault monster count
 E = Vault monster count
 F = Vault count percentage of total count
                 A         B        C        D         E       F
            +---------+---------+-------+---------+---------+-------
      Total |    1264 |     123 |   8.9 |      93 |       3 |   3.1
            +---------+---------+-------+---------+---------+-------
        D:1 |      39 |       0 |   0.0 |      21 |       0 |   0.0
        D:2 |      59 |       0 |   0.0 |      15 |       0 |   0.0
        D:3 |      63 |       0 |   0.0 |      19 |       0 |   0.0
        D:4 |     285 |       0 |   0.0 |      25 |       0 |   0.0
        D:5 |     818 |     123 |  13.1 |      13 |       3 |  18.8
            +---------+---------+-------+---------+---------+-------

Illustrated notes

Table legend:
 A = Kills in this place as a percentage of kills in entire the game.
 B = Kills by you in this place as a percentage of kills by you in the entire game.
 C = Kills by friends in this place as a percentage of kills by friends in the entire game.
 D = Other kills in this place as a percentage of other kills in the entire game.
 E = Experience gained in this place as a percentage of experience gained in the entire game.
 F = Experience gained in this place divided by the number of levels of this place that you have seen.
                   A       B       C       D       E      F
               +-------+-------+-------+-------+-------+----------------------
         Total | 100.0 | 100.0 | 100.0 |   N/A | 100.0 | 231.2
       Dungeon | 100.0 | 100.0 | 100.0 |   N/A | 100.0 | 231.2
               +-------+-------+-------+-------+-------+----------------------

Table legend: (Time is in decaauts)
 A = Elapsed time spent in this place.
 B = Non-inter-level travel time spent in this place.
 C = Inter-level travel time spent in this place.
 D = Time resting spent in this place.
 E = Time spent auto-exploring this place.
 F = Levels seen in this place.
 G = Mean time per level.
                   A        B        C        D        E       F      G
               +--------+--------+--------+--------+--------+-----+--------+
         Total |   5249 |   5147 |    102 |     30 |   4517 |   6 |  874.8 |
       Dungeon |   5249 |   5147 |    102 |     30 |   4517 |   6 |  874.8 |
               +--------+--------+--------+--------+--------+-----+--------+

Top non-repeatable levels by time:
     D:1: 1355 daAuts
     D:4: 1159 daAuts
     D:5: 1121 daAuts
     D:2: 896 daAuts
     D:3: 678 daAuts
     D:6: 38 daAuts
